[Event "ONJK 2024 ABC"]
[Site "Velp, Netherlands"]
[Date "2024.08.05"]
[Round "5.2"]
[White "Musabayeva, Diana"]
[Black "Ganeshram, Nirupa"]
[Result "1-0"]
[TimeControl "90 minutes + 30 seconds"]
[WhiteElo "1871"]
[BlackElo "1695"]

1. e4 c5 2. Nf3 d6 3. d4 cxd4 4. Nxd4 Nf6 5. Nc3 g6 6. f3 Bg7 7. Be3 O-O 8. Qd2 Nc6 9. g4 Be6 10.
Nxe6 fxe6 11. O-O-O Ne5 12. Be2 Rc8 13. Kb1 Nc4 14. Bxc4 Rxc4 15. h4 Ne8 16. Nb5 a6 17. Nd4 Qc8 18.
h5 Bxd4 19. Bxd4 e5 20. Ba7 Qe6 21. hxg6 hxg6 22. b3 Rc8 23. Qh6 Ng7 24. Rh3 Kf7 25. Rdh1 Rh8 26. Qd2 Rxh3 27. Rxh3 Rf8 28.
Rh7 Qc8 29. Qd5+ Kf6 30. g5+ Kxg5 31. Rxg7 Rxf3 32. Qd2+ Kf6 33. Rxg6+ Kf7 34. Rg7+ Ke8 35. Qg5 Rf1+ 36. Kb2 Qe6 37.
Rg8+ Kd7 38. Qg4 Qxg4 39. Rxg4 Rf4 40. Rxf4 exf4 41. Kc3 Kc6 42. Bg1 e5 43. Kd3 b5 44. a3 d5 45. Ba7 Kd6 46.
Bb8+ Ke6 47. exd5+ Kxd5 48. c4+ bxc4+ 49. bxc4+ Kc5 50. Bxe5 f3 51. Bd4+ Kc6 52. Ke3 Kc7 53. Kxf3 Kc6 54.
Ke4 Kd6 55. Kf5 Kd7 56. Ke5 Kc6 57. Ke6 Kc7 58. Kd5 Kd7 59. Be5 Kd8 60. Kc6 Kc8 61. Kb6 a5 62. a4 Kd7 63. c5 Kc8 64.
c6 Kd8 65. Kb7 1-0

[Event "ONJK 2024 ABC"]
[Site "Velp, Netherlands"]
[Date "2024.08.05"]
[Round "5.3"]
[White "Leenen, Boyd"]
[Black "Rogozyanskiy, Alexander"]
[Result "0-1"]
[TimeControl "90 minutes + 30 seconds"]
[WhiteElo "1921"]
[BlackElo "1803"]

1. d4 Nf6 2. c4 e6 3. Nf3 b6 4.
Nc3 Bb4 5. Bg5 Bb7 6. e3 O-O 7. Bd3 d6 8.
Qc2 h6 9. Bh4 Nbd7 10. O-O Bxc3 11. bxc3 Qe7 12. e4 e5 13. Rae1 g5 14. Bg3 Nh5 15. Qd2 Nf4 16. Bxf4 exf4 17.
g3 f5 18. exf5 Qf7 19. d5 Qh5 20. Be2 g4 21. Nh4 f3 22. Bd3 Ne5 23. Re4 Rae8 24. Rf4 Rf6 25. Re1 Bc8 26. Bc2 Ref8 27.
Qd4 R8f7 28. Rxe5 dxe5 29. Qxe5 Qg5 30. Qe8+ Rf8 31. Qe4 h5 32. Ng6 Bxf5 33. Ne7+ Kg7 34. Nxf5+ Rxf5 35. h4 gxh3 36.
Rxf5 Rxf5 37. Qxf5 Qd2 38. Qe5+ Kg8 39. Qe6+ Kf8 40. Qf5+ Ke7 41. Qd3 Qe1+ 42. Qf1 h2+ 0-1

[Event "ONJK 2024 ABC"]
[Site "Velp, Netherlands"]
[Date "2024.08.05"]
[Round "5.4"]
[White "Decraene, Lotus"]
[Black "Hesse, Lucas"]
[Result "1-0"]
[TimeControl "90 minutes + 30 seconds"]
[WhiteElo "1799"]
[BlackElo "1708"]

1. e4 d5 2. exd5 Qxd5 3. Nc3 Qa5 4. Nf3 Bg4 5. h3 Bh5 6. Be2 Nf6 7. O-O e6 8. d4 c6 9. Bf4 Bb4 10.
Rb1 Bxc3 11. bxc3 b6 12. Rb3 O-O 13. Ne5 Bxe2 14. Qxe2 Nd5 15. Bd2 Nc7 16. c4 Qa6 17. Rg3 Rd8 18.
Bh6 g6 19. Qf3 f5 20. Qh5 Rd7 21. Nxg6 Qxc4 22. Ne7+ Kh8 23. Bg7# 1-0

[Event "ONJK 2024 ABC"]
[Site "Velp, Netherlands"]
[Date "2024.08.05"]
[Round "5.5"]
[White "Blokzijl, Ruben"]
[Black "Bernfeld, Ben"]
[Result "1-0"]
[TimeControl "90 minutes + 30 seconds"]
[WhiteElo "1743"]
[BlackElo "1438"]

1. e4 e5 2. Nf3 Nc6 3. Bc4 Nf6 4. d3 Bc5 5. c3 d6 6. O-O Bg4 7. Nbd2 O-O 8. h3 Bh5 9. a4 a5 10.
Re1 Ba7 11. Nf1 h6 12. Ng3 Bg6 13. Bd2 Qd7 14. Qc1 Kh7 15. Nh4 Ne7 16. Nxg6 fxg6 17. Be3 d5 18. exd5 Nexd5 19. Bxa7 Rxa7 20.
Rxe5 Qd6 21. d4 c6 22. Qc2 Nf4 23. Ne4 Nxe4 24. Qxe4 b6 25. Re1 Qf6 26. Qe3 Rd7 27. Re4 Nd5 28.
Bxd5 Rxd5 29. Re6 Qh4 30. Rxc6 Rdf5 31. Re2 Rh5 32. Qe4 Qg5 33. Qg4 Qc1+ 34. Kh2 Rg5 35. Qe4 Rf4 36. Qe8 Qf1 37.
f3 Rxf3 38. Qe6 Rxh3+ 39. Qxh3 Qxe2 40. Re6 Qxb2 41. Re5 Rxe5 42. dxe5 Qb3 43. Qc8 Qxa4 44. e6 Qh4+ 45. Kg1 Qe1+ 46.
Kh2 Qxe6 47. Qxe6 1-0

[Event "ONJK 2024 ABC"]
[Site "Velp, Netherlands"]
[Date "2024.08.05"]
[Round "5.6"]
[White "Madularea, David"]
[Black "Kool, Jesper"]
[Result "1-0"]
[TimeControl "90 minutes + 30 seconds"]
[WhiteElo "2190"]
[BlackElo "1823"]

1. e4 c5 2. Nf3 e6 3. c3 Nf6 4. e5 Nd5 5. a3 Nc6 6. d4 cxd4 7. cxd4 d6 8. Bd3 dxe5 9. dxe5 Qc7 10.
O-O Be7 11. Qe2 Bd7 12. b4 a6 13. Qe4 Na7 14. Nd4 Nb5 15. Bxb5 Bxb5 16. Nxb5 axb5 17. Bb2 Rc8 18. Nd2 O-O 19.
Rac1 Qd7 20. Nb3 b6 21. f4 Rc4 22. Nd4 Rfc8 23. Rcd1 Rd8 24. Qf3 Qc8 25. f5 Nc3 26. fxe6 Nxd1 27.
Qxf7+ Kh8 28. Nf5 Bc5+ 29. bxc5 Rg4 30. e7 Rg8 31. Rxd1 Qxc5+ 32. Kh1 Qc6 33. Ne3 1-0

[Event "ONJK 2024 ABC"]
[Site "Velp, Netherlands"]
[Date "2024.08.05"]
[Round "5.7"]
[White "Blok, Xaveer"]
[Black "Musabayev, Maxim"]
[Result "1-0"]
[TimeControl "90 minutes + 30 seconds"]
[WhiteElo "1885"]
[BlackElo "1824"]

1. e4 e5 2. Nf3 Nc6 3. d4 exd4 4. Nxd4 Bc5 5. Be3 Qf6 6. c3 Nge7 7. Bc4 d6 8. O-O Bb6 9. Kh1 Be6 10.
Nxe6 fxe6 11. Qh5+ Qf7 12. Qh3 d5 13. Bxb6 axb6 14. exd5 exd5 15. Bd3 h6 16. Nd2 O-O 17. Nf3 Ng6 18.
Bc2 Nf4 19. Qg3 Qh5 20. Rfe1 Rf6 21. Re3 Qf7 22. a3 Nh5 23. Qg4 Rf8 24. Rae1 Nf4 25. Kg1 Kh8 26. b4 b5 27. Bb1 g5 28.
Ne5 Nxe5 29. Rxe5 Ng6 30. Bxg6 Qxg6 31. Re6 Kg7 32. Qd4 c6 33. Rxf6 Qxf6 34. f3 Qxd4+ 35. cxd4 Rf4 36. Rd1 g4 37.
Kf2 Kf6 38. Kg3 Kg5 39. h3 h5 40. h4+ Kf5 41. Rd3 b6 42. Rd2 gxf3 43. gxf3 c5 44. dxc5 bxc5 45. Rxd5+ Ke6 46. Rxc5 Rd4 47. Rxb5 1-0

[Event "ONJK 2024 ABC"]
[Site "Velp, Netherlands"]
[Date "2024.08.05"]
[Round "5.8"]
[White "Hagen, Carlijn"]
[Black "De Rycke, Killian"]
[Result "1-0"]
[TimeControl "90 minutes + 30 seconds"]
[WhiteElo "1645"]
[BlackElo "1751"]

1. d4 e6 2. Bf4 d5 3. e3 c5 4.
c3 Nc6 5. Nf3 Nf6 6. Bd3 Be7 7. Nbd2 O-O 8. h4 cxd4 9. exd4 Bd6 10. Ne5 Bxe5 11. Bxe5 Nxe5 12. dxe5 Nd7 13. f4 Qb6 14.
Qc2 Qe3+ 15. Kd1 Qxf4 16. Bxh7+ Kh8 17. Nf3 Nxe5 18. Ng5 Ng4 19. Qe2 Nf2+ 20. Kc2 Nxh1 21. Rxh1 e5 22. Rf1 Qxh4 23. Qxe5 f6 24. Qe7 Bg4 25.
Bd3 Rae8 26. Nf7+ Kg8 27. Qb4 Kxf7 28. Qxb7+ Re7 29. Qxd5+ Be6 30. Qf3 Qg4 31. Qf2 Qa4+ 32. Kc1 Qg4 33.
Rh1 Bxa2 34. Qc2 Qg5+ 35. Kd1 Bd5 36. Rg1 Qg4+ 37. Kc1 Be4 38. Qb3+ Qe6 39. Bc4 Qxc4 40. Qxc4+ Kg6 41. Re1 f5 42.
g4 Ref7 43. gxf5+ Bxf5 44. Qa6+ Kh7 45. Rh1+ Kg8 46. Qc4 Bg6 47. Rg1 Bh5 48. Rg5 Bf3 49. Ra5 Kh8 50. Qc5 Be4 51. Rxa7 Rf1+ 52.
Kd2 R1f2+ 53. Ke3 R2f3+ 54. Ke2 Bg6 55. Qd4 R3f6 56. Re7 Kg8 57. b4 Bh5+ 58. Kd2 Rf2+ 59. Kc1 R8f6 60. b5 Rh2 61. Qg1 1-0

[Event "ONJK 2024 ABC"]
[Site "Velp, Netherlands"]
[Date "2024.08.05"]
[Round "5.9"]
[White "Balde, Esko"]
[Black "Sapulette, Jay-Giani"]
[Result "0-1"]
[TimeControl "90 minutes + 30 seconds"]
[WhiteElo "1637"]
[BlackElo "1746"]

1. d4 Nf6 2. c4 g6 3. g3 Bg7 4.
Bg2 d6 5. Nc3 O-O 6. Nf3 c6 7. O-O Nbd7 8. h3 e5 9. e4 Re8 10. Be3 exd4 11. Nxd4 Nc5 12. e5 Rxe5 13. Bf4 Re8 14.
Kh2 Nfe4 15. Nce2 a5 16. a3 g5 17. Be3 g4 18. Nf4 gxh3 19. Bxh3 Bxh3 20. Nxh3 Qf6 21. Qg4 Qg6 22. Qxg6 hxg6 23.
b4 axb4 24. axb4 Rxa1 25. Rxa1 Bxd4 26. Bxd4 Nb3 27. Rd1 Ned2 28. Be3 Nxc4 29. Rd3 Nxe3 30. fxe3 Nc1 31. Rxd6 Rxe3 32. Rd8+ Kg7 33. Rd7 Re2+ 34. Kg1 Rb2 35. Rxb7 Nd3 36. Ng5 Kf6 37.
Ne4+ Kf5 38. Nd6+ Ke6 39. Nxf7 Rxb4 40. Nd8+ Kd6 41. Nf7+ Kc5 42. Rd7 Rb1+ 43. Kh2 Rb2+ 44. Kg1 Nc1 45.
g4 Nb3 46. Rd6 Kb5 47. Rxg6 c5 48. Nd6+ Kb4 49. Rf6 c4 50. Rf4 Nd2 51. g5 Ra2 52. g6 Ra8 53. g7 Rg8 54. Ne8 Kb3 55.
Rf8 c3 56. Rxg8 c2 57. Rh8 c1=Q+ 58. Kh2 Nf1+ 59. Kg2 Ne3+ 60. Kf2 Ng4+ 61. Kg3 Nf6 62. g8=Q+ Nxg8 63. Rxg8 Qg1 0-1

[Event "ONJK 2024 ABC"]
[Site "Velp, Netherlands"]
[Date "2024.08.05"]
[Round "5.10"]
[White "Henckens, Elof"]
[Black "Frederiks, Jesse"]
[Result "0-1"]
[TimeControl "90 minutes + 30 seconds"]
[WhiteElo "1707"]
[BlackElo "1757"]

1. d4 Nf6 2. Bf4 d5 3. e3 Bf5 4. Bd3 Bg6 5. Nf3 e6 6. h3 c5 7. c3 Qb6 8. b3 Nc6 9. Ne5 Nxe5 10.
Bxe5 Nd7 11. Bh2 Bd6 12. Bxd6 Qxd6 13. Bxg6 hxg6 14. Nd2 cxd4 15. cxd4 Rc8 16. O-O O-O 17. Rc1 Rc6 18. Nf3 Rfc8 19.
Qd2 Qc7 20. Rxc6 Qxc6 21. Rd1 Qc2 22. Qxc2 Rxc2 23. Rd2 Rc1+ 24. Kh2 Nf6 25. Ne5 Ne4 26. Nd3 Rc3 27. Rd1 Rc2 28. f3 Nd6 29.
Rc1 Rxc1 30. Nxc1 Nf5 31. g4 Nxe3 32. Kg3 Nc2 33. Kf4 Nxd4 34. Ke5 Nxf3+ 35. Kd6 d4 36. Kc7 e5 37. Kxb7 e4 38.
Ne2 d3 39. Nc3 e3 40. Kxa7 e2 41. a4 e1=Q 42. Nb5 d2 43.
Kb6 d1=Q 44. a5 Qxb3 45. a6 Qeb4 46. a7 Qxb5+ 47. Kc7 Q3c4+ 48. Kd8 Qbd5+ 49. Ke8 Qce4# 0-1

[Event "ONJK 2024 ABC"]
[Site "Velp, Netherlands"]
[Date "2024.08.05"]
[Round "5.11"]
[White "Van Groning, Christian"]
[Black "Helderman, Faas"]
[Result "1/2-1/2"]
[TimeControl "90 minutes + 30 seconds"]
[WhiteElo "1778"]
[BlackElo "1603"]

1. e4 c6 2. c4 d5 3. cxd5 cxd5 4. exd5 Nf6 5. Nc3 Nxd5 6. Bc4 Nb6 7. Bb3 g6 8. d4 Nc6 9. Nf3 Bg7 10.
d5 Na5 11. Ba4+ Bd7 12. Bxd7+ Qxd7 13. O-O O-O 14. Re1 Rfe8 15. Bf4 Nac4 16. Ne5 Nxe5 17. Bxe5 Rad8 18. Bxg7 Kxg7 19. Qb3 Nxd5 20.
Rad1 e6 21. h3 Qc6 22. Nxd5 exd5 23. Rxe8 Rxe8 24. Rxd5 Re1+ 25. Kh2 Qc7+ 26. Qg3 Qxg3+ 1/2-1/2

[Event "ONJK 2024 ABC"]
[Site "Velp, Netherlands"]
[Date "2024.08.05"]
[Round "5.12"]
[White "Zootjes, Aaron"]
[Black "Vagenende, Lars"]
[Result "1-0"]
[TimeControl "90 minutes + 30 seconds"]
[WhiteElo "1639"]
[BlackElo "1686"]

1. e4 e5 2. Nf3 Nc6 3. Bb5 a6 4. Ba4 Nf6 5. O-O b5 6. Bb3 Bc5 7. c3 O-O 8. d4 Bb6 9. Bg5 Re8 10.
Bd5 h6 11. Bh4 g5 12. Bxc6 dxc6 13. Nxg5 hxg5 14. Bxg5 Qd6 15. Qf3 Nh7 16. dxe5 Nxg5 17. exd6 Nxf3+ 18. gxf3 cxd6 19. Nd2 Bh3 20.
Rfe1 Kh7 21. Nf1 Re6 22. Re2 Rg8+ 23. Ng3 f5 24. f4 Rxe4 25. Rae1 Rxf4 26. Re7+ Rg7 27. Rxg7+ Kxg7 28. Nh5+ Kf7 29.
Nxf4 Bg4 30. Kg2 Bc7 31. f3 d5 32. fxg4 Bxf4 33. gxf5 Kf6 34. Re6+ Kxf5 35. Rxc6 Ke4 36. Rxa6 Bc1 37. b3 Bb2 38. Rc6 b4 39.
cxb4 d4 40. Kf2 d3 41. Rc4+ Bd4+ 42. Ke1 Ke3 43. Rxd4 1-0

[Event "ONJK 2024 ABC"]
[Site "Velp, Netherlands"]
[Date "2024.08.05"]
[Round "5.13"]
[White "Roebers, Bregje"]
[Black "Georgopoulos, Mylo"]
[Result "1-0"]
[TimeControl "90 minutes + 30 seconds"]
[WhiteElo "1796"]
[BlackElo "1776"]

1. e4 c6 2. d4 d5 3. exd5 cxd5 4. Bd3 Nc6 5. c3 Nf6 6. Bf4 e6 7. Nf3 Bd6 8. Bxd6 Qxd6 9. O-O O-O 10.
Nbd2 Bd7 11. Re1 b5 12. Bxb5 Rfb8 13. Bxc6 Bxc6 14. Nb3 Ba4 15. Nfd2 a5 16. Qf3 Bxb3 17. axb3 Ra7 18. Ra3 Qc7 19.
Rea1 Rba8 20. R1a2 Ne8 21. Qd1 Nd6 22. Qa1 Nc8 23. Nf1 Nd6 24. b4 Nb5 25. Rxa5 Rxa5 26. Rxa5 Rxa5 27. bxa5 f6 28.
Nd2 Kf7 29. Qa4 Qf4 30. Nb3 Nd6 31. Qa1 Ne4 32. Qe1 g5 33. Nc5 Nxc5 34. dxc5 Qa4 35. b4 e5 36. Kf1 d4 37. cxd4 Qb5+ 38.
Qe2 Qxb4 39. Qa2+ Ke7 40. dxe5 fxe5 41. a6 Qd4 42. g3 g4 43. Qb1 Qc4+ 44. Kg2 Qxa6 45. Qxh7+ Kd8 46. Qg8+ Kc7 47.
Qxg4 Qa8+ 48. Qf3 e4 49. Qe3 Qd5 50. g4 Kd7 51. h4 Qe6 52. g5 Ke8 53. Qg3 Kf7 54. h5 Qd5 55. Kh2 Qxc5 56.
Qf4+ Kg8 57. h6 Qb6 58. Qf5 e3 59. h7+ Kh8 60. g6 Qd6+ 61. Kh3 e2 62. Qc8+ Kg7 63. h8=Q+ Kxg6 64. Qg4+ Kf7 65.
Qh7+ Ke8 66. Qgg8+ Qf8 67. Qxf8+ 1-0

[Event "ONJK 2024 ABC"]
[Site "Velp, Netherlands"]
[Date "2024.08.05"]
[Round "5.14"]
[White "De Jong, Lode"]
[Black "De Wit, Evan"]
[Result "1/2-1/2"]
[TimeControl "90 minutes + 30 seconds"]
[WhiteElo "1755"]
[BlackElo "1782"]

1. d4 Nf6 2. c4 e6 3. g3 d5 4. Nf3 dxc4 5. Bg2 Bb4+ 6. Bd2 a5 7. O-O O-O 8. Qc2 Nc6 9. Rd1 Qe7 10.
Bf4 Bd6 11. Bxd6 cxd6 12. Qxc4 e5 13. d5 Nb8 14. e4 Nbd7 15. Nc3 Nc5 16. Ne1 Ng4 17. Nd3 Nxd3 18. Qxd3 f5 19. f3 Nh6 20.
Rac1 f4 21. Nb5 fxg3 22. hxg3 Qg5 23. Nxd6 Qxg3 24. Nxc8 Raxc8 25. Rxc8 Rxc8 26. d6 Nf7 27. d7 Rd8 28. Qd5 h5 29.
Qe6 Kf8 30. Rc1 Qg5 31. Rc8 Qe3+ 32. Kh2 Qe1 33. Qh3 1/2-1/2

[Event "ONJK 2024 ABC"]
[Site "Velp, Netherlands"]
[Date "2024.08.05"]
[Round "5.15"]
[White "Burger, Dominick"]
[Black "Dijkhuijsen, Thomas"]
[Result "0-1"]
[TimeControl "90 minutes + 30 seconds"]
[WhiteElo "1686"]
[BlackElo "1750"]

1. e4 c5 2. Nf3 d6 3. c3 Nf6 4.
Qc2 Qc7 5. Bc4 e6 6. d4 cxd4 7. cxd4 Nbd7 8. Ng5 Nxe4 9. Nxf7 Qa5+ 10. Kf1 Qf5 11. f3 0-1

[Event "ONJK 2024 ABC"]
[Site "Velp, Netherlands"]
[Date "2024.08.05"]
[Round "5.16"]
[White "Hesse, Frederik"]
[Black "Vogels, Mathijs"]
[Result "1-0"]
[TimeControl "90 minutes + 30 seconds"]
[WhiteElo "1684"]
[BlackElo "1732"]

1. e4 e5 2. Nf3 Nc6 3. Bb5 d6 4. O-O Nf6 5. Re1 Be7 6. c3 O-O 7. h3 a6 8. Ba4 b5 9. Bc2 Bb7 10.
d4 exd4 11. cxd4 Nb4 12. e5 Bxf3 13.
gxf3 dxe5 14. dxe5 Qxd1 15. Bxd1 Nd7 16. Nc3 Nd3 17. Re2 N3xe5 18. f4 Nc6 19. Rd2 Nb6 20. Bf3 Na5 21. Bxa8 Rxa8 22.
Nd5 Nxd5 23. Rxd5 c6 24. Rd7 Bf6 25. Rb1 Kf8 26. b3 Ke8 27. Rd3 Rd8 28. Re3+ Kf8 29. Ba3+ Kg8 30. Rbe1 g6 31.
Re8+ Kg7 32. Rxd8 Bxd8 33. Bb2+ Kf8 34. Ba3+ Kg7 35. Rd1 Bf6 36. Rc1 Bd4 37. Bb4 Nb7 38. Rxc6 a5 39. Bc3 Bxc3 40.
Rxc3 a4 41. bxa4 bxa4 42. Rc4 Kf6 43. Rxa4 Ke6 44. Kg2 h5 45. Kg3 Nc5 46. Rd4 f6 47. Kh4 Nd7 48. f5+ gxf5 49. Kxh5 Ne5 50.
a4 Ke7 51. Kh6 Nf7+ 52. Kg7 Ng5 53. Rd3 Ne6 54. Kg8 Nc5 55. Re3+ Kd6 56. a5 f4 57. Re2 Kd5 58. Kf7 Kd4 59.
Kxf6 Kd3 60. Re8 Kc4 61. Kg5 Kb5 62. Re5 Kc6 63. Rxc5+ 1-0

[Event "ONJK 2024 ABC"]
[Site "Velp, Netherlands"]
[Date "2024.08.05"]
[Round "5.17"]
[White "Hagen, Maurits"]
[Black "Lejzerowicz, Nathan"]
[Result "0-1"]
[TimeControl "90 minutes + 30 seconds"]
[WhiteElo "1654"]
[BlackElo "1668"]

1. d4 Nf6 2. Bf4 c5 3. c3 d5 4. e3 e6 5. Nf3 Bd6 6. Bg3 O-O 7. Bd3 b6 8. Nbd2 Ba6 9. Bxa6 Nxa6 10.
Bxd6 Qxd6 11. Ne5 Nb8 12. f4 Nc6 13. g4 Nd7 14. h4 Ndxe5 15. fxe5 Qd8 16. Qc2 Rc8 17. g5 cxd4 18. exd4 Nxd4 19.
Qd3 Nf5 20. O-O-O d4 21. Ne4 dxc3 22. Nxc3 Qxd3 23. Rxd3 Rfd8 24. Rxd8+ Rxd8 25. h5 Kf8 26. g6 fxg6 27. hxg6 hxg6 28.
Ne4 Ke7 29. Rg1 Rd5 30. Rxg6 Rxe5 31. Ng3 Kf7 32. Rg4 Nxg3 33. Rxg3 g5 34. Kc2 Kf6 35. b4 a5 36. a3 Re4 37.
Kb3 axb4 38. axb4 b5 0-1

[Event "ONJK 2024 ABC"]
[Site "Velp, Netherlands"]
[Date "2024.08.05"]
[Round "5.18"]
[White "Zhao, Nick"]
[Black "Peeters, Yumi"]
[Result "1-0"]
[TimeControl "90 minutes + 30 seconds"]
[WhiteElo "1836"]
[BlackElo "1671"]

1. d4 d5 2. c4 e6 3. Nf3 Nf6 4.
Nc3 c5 5. cxd5 exd5 6. Bg5 Be6 7. g3 Be7 8. dxc5 Bxc5 9. Bg2 O-O 10. O-O Nc6 11. Rc1 Bb6 12. Qd3 h6 13. Bxf6 Qxf6 14. e3 Rfd8 15. Rfd1 Bf5 16.
Qb5 d4 17. Nd5 Qe6 18. Nxd4 Nxd4 19. exd4 Be4 20. Nxb6 Bxg2 21. Nxa8 Qe4 22. Qe5 Qf3 23. Qf4 Qd5 24. Nc7 Qf3 25. Qxf3 Bxf3 26. Rd2 a6 27. d5 Kf8 28.
d6 Bc6 29. Nxa6 1-0

[Event "ONJK 2024 ABC"]
[Site "Velp, Netherlands"]
[Date "2024.08.05"]
[Round "5.19"]
[White "Maes, Lander"]
[Black "Meert, Maarin"]
[Result "0-1"]
[TimeControl "90 minutes + 30 seconds"]
[WhiteElo "1645"]
[BlackElo "1811"]

1. e4 e6 2. d4 d5 3. Nd2 c5 4. c3 Nc6 5. exd5 exd5 6. Ndf3 Bg4 7. h3 Bh5 8. Be2 Nf6 9. Be3 Qb6 10.
b3 Be7 11. Ne5 Bxe2 12. Nxe2 O-O 13. O-O Rad8 14. Ng3 Nxe5 15. dxe5 Ne4 16. Nf5 Qe6 17. Qg4 g6 18. Nh6+ Kh8 19.
Qxe6 fxe6 20. Rac1 d4 21. cxd4 cxd4 22. Rc7 dxe3 23. fxe3 Rxf1+ 24. Kxf1 Rf8+ 25. Kg1 Bg5 26. Nf7+ Kg8 27.
Nxg5 Nxg5 28. Rxb7 Rf7 29. Rb8+ Kg7 30. Rb4 Rd7 31. Rd4 Rxd4 32. exd4 Ne4 33. b4 Kf7 34. a4 Ke7 35. a5 Nc3 36.
Kf2 a6 37. Ke3 Nd5+ 38. Kd3 Nxb4+ 39. Kc4 Nc6 40. Kc5 Nxa5 41. Kb6 Nb3 42. Kxa6 Nxd4 43. Kb6 Ne2 44. h4 Nf4 45. g4 Nd3 46.
h5 Nxe5 47. hxg6 hxg6 48. g5 Nf7 49. Kc5 Nxg5 50. Kd4 Kd6 51. Ke3 e5 52. Ke2 Kc5 53. Ke3 Kc4 54. Ke2 Kc3 55. Ke3 e4 56. Kf4 Kd2 57. Kxg5 e3 0-1

[Event "ONJK 2024 ABC"]
[Site "Velp, Netherlands"]
[Date "2024.08.05"]
[Round "5.20"]
[White "Zouridis, Christian"]
[Black "Van Ewijk, Abel"]
[Result "1-0"]
[TimeControl "90 minutes + 30 seconds"]
[WhiteElo "1713"]
[BlackElo "1484"]

1. e4 e5 2. Nf3 Nc6 3. Bb5 Bc5 4. Nc3 Nf6 5. d3 d6 6. O-O O-O 7. h3 h6 8. a3 Bd7 9. Na4 Na5 10.
Bxd7 Nxd7 11. b4 Bb6 12. bxa5 Bxa5 13. Bd2 Bxd2 14. Qxd2 Qe8 15. Nc3 Nf6 16. Rab1 b6 17. Nd5 Nxd5 18.
exd5 Qa4 19. Qc3 Rac8 20. Qb3 Qa5 21. Rfc1 Rfe8 22. a4 Qa6 23. Qb5 Qb7 24. Qc6 Qa6 25. Nd2 Qa5 26. Nb3 Qb4 27. Qc4 Qxc4 28. dxc4 a5 29. Nd2 f6 30. Re1 Kf7 31.
g4 g5 32. Kg2 Rh8 33. Kg3 h5 34. Nf1 hxg4 35. hxg4 Rh4 36. Nh2 Rch8 37. Nf3 R4h7 38. Kg2 Rg7 39. Rh1 Rc8 40. Rh6 Rg6 41.
Rh7+ Rg7 42. Rbh1 c6 43. Rh8 Rc7 44. Rb8 cxd5 45. cxd5 Rc4 46. Rxb6 Rxg4+ 47. Kf1 Rxa4 48. Rxd6 Rc4 49.
Rh6 Rg6 50. Rxg6 Kxg6 51. Nxe5+ Kg7 52. Nxc4 Kf7 53. Nxa5 Ke7 54. Nb7 Ke8 55. c4 1-0

[Event "ONJK 2024 ABC"]
[Site "Velp, Netherlands"]
[Date "2024.08.06"]
[Round "6.1"]
[White "Musabayeva, Diana"]
[Black "De Vries, Arjan"]
[Result "1-0"]
[TimeControl "90 minutes + 30 seconds"]
[WhiteElo "1871"]
[BlackElo "1843"]

1. e4 e5 2. Nf3 Nc6 3. Bb5 Nge7 4. O-O g6 5. c3 d5 6. Nxe5 dxe4 7. Nxc6 Nxc6 8. Bxc6+ bxc6 9. Re1 Be6 10.
Qa4 Qd7 11. Qxe4 Qd5 12. d4 Bg7 13. Bf4 Qxe4 14. Rxe4 Kd7 15. Nd2 a5 16. Rae1 Rhe8 17. Nb3 Bf8 18. Nc1 Bd6 19. Bg5 c5 20. dxc5 Bxc5 21. b3 Bf5 22.
Nd3 Bxe4 23. Rxe4 Bd6 24. Rxe8 Rxe8 25. Kf1 Kc6 26. Be3 f5 27. g3 Be5 28. c4 Bc3 29. Ke2 Rb8 30. Kd1 Rd8 31.
Kc2 Bd4 32. Bxd4 Rxd4 33. Kc3 Re4 34. a3 g5 35. b4 Kb6 36. c5+ Kb5 37. Kb3 axb4 38. axb4 Rc4 39. h3 g4 40. h4 h6 41.
h5 c6 42. Ne5 Rxb4+ 43. Kc3 Re4 44. Nf7 Re6 45. Kd4 Kb4 46. Nd6 Re4 47. Nxe4 fxe4 48. Kxe4 Kxc5 49. Kf5 Kd5 50. Kxg4 Ke4 51.
f3+ Ke5 52. Kh3 c5 53. Kg2 Kd4 54. Kf2 Kd3 55. f4 c4 56. f5 c3 57. f6 c2 58. f7 c1=Q 59. f8=Q Qe3+ 60. Kg2 Qe2+ 61.
Qf2 Qe6 62. Qf3+ Kd4 63. g4 Qa6 64. Kg3 Ke5 65. Qf5+ Kd4 66. g5 hxg5 67. Qxg5 Qd3+ 68. Kg4 Qe2 69. Kf5 Qe5+ 70. Kg6 Qe8+ 71.
Kh7 Qc8 72. Qg8 Qf5+ 73. Qg6 Qc8 74. h6 Ke5 75. Qg5+ Kd6 76. Qf6+ Kd5 77. Kg7 Qg4+ 78. Kh8 Qc8+ 79. Kh7 Qd7+ 80.
Kg6 Qa4 81. h7 1-0

[Event "ONJK 2024 ABC"]
[Site "Velp, Netherlands"]
[Date "2024.08.06"]
[Round "6.2"]
[White "Elferink, Leon"]
[Black "Faybish, Dana"]
[Result "1-0"]
[TimeControl "90 minutes + 30 seconds"]
[WhiteElo "1900"]
[BlackElo "1707"]

1. e4 c5 2. Nf3 d6 3. Nc3 Nf6 4. d4 cxd4 5. Nxd4 g6 6. Be3 Bg7 7. Be2 a6 8. O-O b5 9. a3 Nbd7 10.
Nc6 Qc7 11. Bf3 Bb7 12. Nb4 O-O 13. Bd4 Rac8 14. Re1 Ne5 15. Bxe5 dxe5 16. Qe2 e6 17. Rad1 Nd7 18. a4 bxa4 19.
Nxa6 Qc6 20. Nb4 Qb6 21. Qb5 Qxb5 22. Nxb5 Nc5 23. Nd6 Rb8 24. Nxb7 Rxb7 25. c3 Ra8 26. Ra1 Nb3 27. Ra2 Bf8 28.
Nd3 Bg7 29. Bd1 Rd8 30. Bc2 Ra8 31. Bxb3 Rxb3 32. Nc5 Rb6 33. b4 Bf8 34. Rxa4 Rxa4 35. Nxa4 Ra6 36. Ra1 f5 37. f3 Kf7 38.
Kf2 g5 39. Ke2 h5 40. Kd3 g4 41. Kc4 Bh6 42. b5 Ra8 43. b6 Rb8 44. Kb5 Be3 45. c4 h4 46. c5 h3 47. gxh3 gxf3 48.
c6 fxe4 49. c7 Rg8 50. Nc3 Bxb6 51. Kxb6 e3 52. Rf1 f2 53. Ne2 Ke7 54. Kb7 Kd7 55. c8=Q Rxc8 56. Rd1 Ke7 57. Kxc8 Kf6 58.
h4 Kf5 59. Ng3+ Kg4 60. h5 Kh3 61. h6 Kxh2 62. h7 Kxg3 63. h8=Q e2 64. Qxe5+ Kf3 65. Qf6+ Kg3 66. Qg5+ Kf3 67. Rd3+ Ke4 68. Re3+ Kd4 69.
Qe5+ Kc4 70. Rc3+ 1-0

[Event "ONJK 2024 ABC"]
[Site "Velp, Netherlands"]
[Date "2024.08.06"]
[Round "6.3"]
[White "Blokzijl, Ruben"]
[Black "Rogozyanskiy, Alexander"]
[Result "0-1"]
[TimeControl "90 minutes + 30 seconds"]
[WhiteElo "1743"]
[BlackElo "1803"]

1. e4 c5 2. Nf3 e6 3. d4 cxd4 4. Nxd4 a6 5. c4 Nc6 6. a3 Nf6 7. Nc3 Qc7 8. Be3 Be7 9. Bd3 Ne5 10.
Qe2 Nxd3+ 11. Qxd3 Ng4 12. f4 Nxe3 13. Qxe3 d6 14. Rc1 Bf6 15. Nce2 b6 16. Rc2 Bb7 17. O-O O-O 18. f5 Rae8 19.
fxe6 fxe6 20. Qh3 Bxe4 21. Nxe6 Qc8 22. Nxf8 Qxh3 23. gxh3 Bxc2 24. Nd7 Rxe2 0-1

[Event "ONJK 2024 ABC"]
[Site "Velp, Netherlands"]
[Date "2024.08.06"]
[Round "6.4"]
[White "Hesse, Lucas"]
[Black "Leenen, Boyd"]
[Result "0-1"]
[TimeControl "90 minutes + 30 seconds"]
[WhiteElo "1708"]
[BlackElo "1921"]

1. e4 e5 2. Nf3 Nc6 3. Bc4 Bc5 4. c3 Nf6 5. d4 exd4 6.
cxd4 Bb4+ 7. Nc3 Nxe4 8. O-O Bxc3 9. bxc3 d5 10. Bb5 O-O 11. Ba3 Re8 12. Ne5 Nxc3 13. Nxc6 bxc6 14. Bxc6 Nxd1 15.
Bxe8 Qxe8 16. Rfxd1 Be6 17. Rac1 Qa4 18. Rd3 h6 19. h3 Bf5 20. Rdc3 Qxd4 21. Rxc7 Qa4 22. Bb2 Qxa2 23. Be5 a5 24.
g4 Be4 25. Re7 Qe2 26. Rc3 Qe1+ 27. Kh2 Qxf2# 0-1

[Event "ONJK 2024 ABC"]
[Site "Velp, Netherlands"]
[Date "2024.08.06"]
[Round "6.5"]
[White "Bernfeld, Ben"]
[Black "Ganeshram, Nirupa"]
[Result "0-1"]
[TimeControl "90 minutes + 30 seconds"]
[WhiteElo "1438"]
[BlackElo "1695"]

1. e4 c5 2. c3 g6 3. d4 cxd4 4.
cxd4 d5 5. exd5 Nf6 6. Bc4 Nxd5 7. Qb3 e6 8. Nc3 Nb6 9. Bb5+ Bd7 10. Ne4 a6 11. Bg5 Be7 12. Nd6+ Kf8 13. Qf3 f5 14.
Bh6+ Kg8 15. Bxd7 Qxd7 16. Nxf5 exf5 17. Qb3+ Nd5 18. Rc1 Nc6 19. Ne2 Bb4+ 20. Kd1 Qf7 0-1

[Event "ONJK 2024 ABC"]
[Site "Velp, Netherlands"]
[Date "2024.08.06"]
[Round "6.6"]
[White "Madularea, David"]
[Black "Blok, Xaveer"]
[Result "0-1"]
[TimeControl "90 minutes + 30 seconds"]
[WhiteElo "2190"]
[BlackElo "1885"]

1. e4 c5 2. Nf3 d6 3. d4 cxd4 4. Nxd4 Nf6 5. Nc3 a6 6. Be3 e5 7. Nb3 Be7 8. Rg1 Ng4 9. Bd2 Qb6 10.
Qf3 Be6 11. Be2 Nf6 12. h3 Nbd7 13. Be3 Qc7 14. g4 h6 15. O-O-O Rc8 16. Rd2 b5 17. h4 Nb6 18. g5 Nfd7 19.
g6 f6 20. Nd5 Bxd5 21. exd5 Nc4 22. Bxc4 bxc4 23. Qf5 cxb3 24. axb3 Nc5 25. Bxc5 Qxc5 26. Rg4 Rc7 27. Qe6 Rf8 28.
Qf5 Qb5 29. Ra4 Qd7 30. Qd3 f5 31. Qxa6 Bxh4 32. Kb1 Bg5 33. Re2 Ke7 34. b4 Rb8 35. c4 Rbb7 36. Qa8 Rxc4 37. Ra6 Rc8 38.
Rxe5+ dxe5 39. Re6+ Kf8 0-1